 Dungeon Crawl Stone Soup version 0.25-a0-667-gb977e01cb5 (webtiles) character file.

Game seed: 15743063279872081749, levelgen mode: deterministic

105575 ReteAZ the Brawler (level 16, -1/149 HPs)
             Began as a Ghoul Fighter on Mar 27, 2020.
             Was the Champion of Makhleb.
             Slain by a naga warrior
             ... wielding a +0 halberd
              (20 damage)
             ... on level 2 of the Snake Pit.
             The game lasted 01:01:19 (24678 turns).

ReteAZ the Brawler (Ghoul Fighter)                 Turns: 24678, Time: 01:01:20

Health: -1/149     AC: 15    Str: 20    XL:     16   Next: 41%
Magic:  0/18       EV: 10    Int: 13    God:    Makhleb [******]
Gold:   2026       SH: 11    Dex:  9    Spells: 15/15 levels left

rFire    + + .     SeeInvis .     - Unarmed
rCold    + + .     Gourm    .   b - +0 kite shield
rNeg     + + +     Faith    .   g - +4 ring mail "Xeaf" {MR++ Str-3 Int+7}
rPois    ∞         Spirit   +   E - +0 helmet of Ziduitar {rF+ rC+}
rElec    .         Reflect  .   T - scarf {Spirit}
rCorr    .         Harm     .   (no gloves)
MR       ++++.                  C - +1 pair of boots
Stlth    ..........             w - amulet of the acrobat
HPRegen  0.00/turn              Q - ring of protection from magic
MPRegen  0.16/turn              O - ring of protection from fire

@: rotting, constricted
A: rotting body, claws 1, carnivore, cold resistance 1, negative energy
resistance 3, inhibited regeneration, torment resistance, unbreathing
a: Minor Destruction, Lesser Servant of Makhleb, Major Destruction, Greater
Servant of Makhleb, Renounce Religion


You were on level 2 of the Snake Pit.
You worshipped Makhleb.
Makhleb was exalted by your worship.
You were not hungry.

You visited 5 branches of the dungeon, and saw 26 of its levels.
You visited 1 bazaar.
You also visited: Bailey and Ice Cave.

You collected 2026 gold pieces.

Inventory:

Missiles
 a - 7 silver boomerangs
 n - 54 poisoned darts
 M - 22 boomerangs
 N - 6 javelins
 R - 8 curare-tipped darts (quivered)
Armour
 b - a +0 kite shield (worn)
 g - the +4 ring mail "Xeaf" (worn) {MR++ Str-3 Int+7}
   (You found it on level 5 of the Dungeon)

   It affects your strength (-3).
   It affects your intelligence (+7).
   It affects your resistance to hostile enchantments.
 y - a +4 chain mail
 C - a +1 pair of boots (worn)
 E - the +0 helmet of Ziduitar (worn) {rF+ rC+}
   (You took it off Robin on level 3 of the Dungeon)

   It protects you from fire.
   It protects you from cold.
 T - a scarf of spirit shield (worn)
 V - the +0 gold dragon scales of Resourcefulness {rPois rF+ rC+ rN++ Stlth-}
   (You found it in a bailey)

   It protects you from fire.
   It protects you from cold.
   It protects you from poison.
   It greatly protects you from negative energy.
   It makes you less stealthy.
 X - a +1 cloak of poison resistance
Jewellery
 w - an amulet of the acrobat (around neck)
 J - an uncursed ring of flight
 O - a ring of protection from fire (right claw)
 Q - a ring of protection from magic (left claw)
Wands
 m - a wand of iceblast (51)
 s - a wand of disintegration (9)
 x - a wand of random effects (16)
 G - a wand of digging (7)
 K - a wand of acid (11)
 S - a wand of enslavement (8)
 U - a wand of polymorph (9)
 W - a wand of flame (32)
Scrolls
 e - 12 scrolls of identify
 f - 3 scrolls of enchant weapon
 j - a scroll of enchant armour
 k - 5 scrolls of fear
 l - 9 scrolls of remove curse
 o - 6 scrolls of teleportation
 q - a scroll of random uselessness
 u - 3 scrolls of fog
 L - a scroll of amnesia
Potions
 c - 4 potions of might
 h - 4 potions of lignification
 i - 10 potions of haste
 p - 3 potions of cancellation
 t - 5 potions of flight
 v - 2 potions of magic
 z - 10 potions of curing
 A - a potion of resistance
 B - 2 potions of brilliance
 F - a potion of invisibility {unknown}
 H - 3 potions of mutation
 I - 2 potions of stabbing
 P - a potion of ambrosia
 Y - 3 potions of heal wounds
Miscellaneous
 r - a phantom mirror
Comestibles
 d - 45 rations


   Skills:
 - Level 15.0 Fighting
 + Level 10.0 Armour
 + Level 7.8 Dodging
 + Level 10.1 Shields
 - Level 19.0 Unarmed Combat
 - Level 5.0 Evocations


You had 15 spell levels left.
You didn't know any spells.
Your spell library contained the following spells:

 Spells                   Type           Power        Failure   Level  Hunger
 Magic Dart               Conj           #...         65%         1    ##.....
 Blink                    Tloc           N/A          80%         2    ###....
 Call Imp                 Summ           #.......     80%         2    ###....
 Passwall                 Tmut/Erth      #.......     80%         2    ###....
 Poisonous Vapours        Pois/Air       #.....       80%         2    ###....
 Shroud of Golubria       Chrm/Tloc      #.....       80%         2    ###....
 Slow                     Hex            #.......     80%         2    ###....
 Swiftness                Chrm/Air       #.......     80%         2    ###....
 Confusing Touch          Hex            #.......     95%         3    ####...
 Conjure Flame            Conj/Fire      #.......     95%         3    ####...
 Gell's Gravitas          Tloc           #.........   95%         3    ####...
 Ignite Poison            Fire/Tmut/Pois #.......     95%         3    ####...
 Lesser Beckoning         Tloc           #.........   95%         3    ####...
 Mephitic Cloud           Conj/Pois/Air  #.......     95%         3    ####...
 Teleport Other           Tloc           #.......     95%         3    ####...
 Passage of Golubria      Tloc           N/A          100%        4    #####..
 Petrify                  Tmut/Erth      #.......     100%        4    #####..
 Fireball                 Conj/Fire      #.........   100%        5    ######.
 Lee's Rapid Deconstruct  Erth           #.........   100%        5    ######.
 Metabolic Englaciation   Hex/Ice        #.........   100%        5    ######.
 Yara's Violent Unravell  Hex/Tmut       #.........   100%        5    ######.
 Darkness                 Hex            #.........   100%        6    #######
 Freezing Cloud           Conj/Ice/Air   #.........   100%        6    #######
 Invisibility             Hex            #.......     100%        6    #######
 Starburst                Conj/Fire      #.........   100%        6    #######
 Ring of Flames           Chrm/Fire      #.........   100%        7    #######
 Ignition                 Fire           #.........   100%        8    #######


Dungeon Overview and Level Annotations

Branches:
Dungeon (15/15)            Temple (1/1) D:4            Lair (6/6) D:10
 Shoals (0/4) Lair:3        Snake (2/4) Lair:3        Slime (0/5) Lair:5
    Orc (2/2) D:11         Vaults (0/5) D:14         Depths (0/5) D:15
 Bailey (visited)           IceCv (visited)
    Elf: Orc:2

Altars:
Ashenzari
Cheibriados
Dithmenos
Elyvilon
Gozag
Hepliaklqana
Kikubaaqudgha
Makhleb
Nemelex Xobeh
Okawaru
Qazlal
Ru
Sif Muna
Trog
Uskayaw
Wu Jian
Xom
Yredelemnul
Zin
The Shining One
Jiyva

Shops:
D:12 (   D:13 %   D:14 (   Orc:1 :(%

Annotations:
D:13 3 runed translucent doors, Ylegg's ghost, journeyman HuWn
D:15 1 exclusion
Lair:6 1 exclusion
Snake:1 1 runed translucent door
Snake:2 3 runed translucent doors, Izya's ghost, adept GnTm; Pagrargh's ghost, journeyman MiBe; Vashnia; Xudaes's ghost, adept DrIE


Innate Abilities, Weirdness & Mutations

Your body is rotting away.
You thrive on raw meat.
You are immune to poison.
You have sharp fingernails.
You are carnivorous and can eat meat at any time.
Your flesh is cold resistant. (rC+)
You are immune to negative energy. (rN+++)
You do not regenerate when monsters are visible.
You are immune to unholy pain and torment.
You can survive without breathing.


Message History

You claw the naga warrior!
The naga warrior is heavily wounded.
The naga warrior hits you with a +0 glaive!
* * * LOW HITPOINT WARNING * * *
The naga warrior spits poison at you.
The splash of poison hits you but does no damage.
You resist.
* * * LOW HITPOINT WARNING * * *
The naga warrior constricts you.
You claw the naga warrior!
The naga warrior is severely wounded.
The naga warrior closely misses you. The naga warrior constricts you.
You mangle the naga warrior!!
The naga warrior is almost dead.
The naga warrior hits you with a +0 glaive!!
* * * LOW HITPOINT WARNING * * *
You barely miss the naga warrior.
The naga warrior is almost dead.
The naga warrior hits you with a +0 halberd!!
You die...

.#...####)...#
##..#
###...##.#..##
#.[.# #
#.......##
#.(.#
##)....##
##..(#
##....##
#....#
##....##
###.(.##
##....##
##.#(.##
##.#..##
##.N)(##
#[..<##
##..N@##
..#.##
##...)## ...##
##....## (.##
##....## ###
##....## #
##....## #
#....## #
###.#.##
#####....##


You could see 2 naga warriors.

Vanquished Creatures
  A nagaraja (Snake:2)
  An orc warlord (Orc:1)
  Nessos (Lair:4)
  Erolcha (D:9)
  4 naga warriors
  8 vault guards (D:14)
  2 hydras
  4 anacondas
  A death knight (D:14)
  4 centaur warriors
  A catoblepas (D:15)
  Urug (Lair:4)
  9 naga sharpshooters
  4 shock serpents
  6 skeletal warriors
  5 sea snakes (Snake:1)
  3 unseen horrors
  A phantasmal warrior (D:14)
  Pikel (D:6)
  A necromancer (IceCv)
  3 mana vipers
  7 ugly things
  A deep elf mage (D:15)
  4 cyclopes
  2 manticores (Lair:3)
  3 salamanders
  8 elephants
  2 centaur zombies
  2 guardian serpents
  3 naga magi
  Psyche (D:9)
  11 black mambas
  An ice statue (IceCv)
  A gargoyle (D:14)
  7 spiny frogs
  10 freezing wraiths (IceCv)
  5 kobold demonologists
  2 efreet
  A rime drake (Lair:3)
  8 komodo dragons
  A jumping spider (shapeshifter) (D:14)
  A queen bee (Lair:3)
  3 meliai
  6 trolls
  4 polar bears (Lair:6)
  9 hornets
  5 blink frogs
  A dream sheep (Lair:6)
  14 hippogriffs
  Sigmund (D:2)
  2 shadows (D:15)
  49 yaks
  3 vampires
  15 spriggans (Lair:6)
  2 water elementals (D:14)
  5 humans
  A wyvern (Lair:5)
  A fire elemental (Lair:4)
  2 wraiths
  4 basilisks
  A death yak simulacrum (IceCv)
  4 vampire mosquitoes (D:12)
  Menkaure (D:5)
  2 steam dragons
  23 nagas
  Edmund (D:5)
  A soldier ant (D:14)
  4 water moccasins
  2 porcupines
  18 ice beasts
  3 sky beasts
  22 orc warriors
  9 black bears
  4 slaves (D:6)
  A hornet zombie (D:15)
  An eye of draining (D:12)
  5 phantoms
  12 boggarts
  6 ogres
  26 wolves
  12 centaurs
  9 crocodiles
  3 big kobolds
  13 bullfrogs
  Blork the orc (D:5)
  A water moccasin zombie (D:10)
  5 scorpions
  A swamp dragon simulacrum (IceCv)
  37 killer bees
  3 wights (D:11)
  2 howler monkeys
  4 electric eels (Snake:1)
  8 crimson imps
  3 bullfrog zombies
  5 draconian simulacra (IceCv)
  6 hounds
  2 bullfrog skeletons
  8 centaur skeletons
  15 orc priests
  3 jellies
  Ijyb (D:3)
  21 orc wizards
  An iguana (D:8)
  8 worker ants
  2 spriggan simulacra (IceCv)
  4 troll simulacra (IceCv)
  2 wolf simulacra (IceCv)
  2 centaur simulacra (IceCv)
  2 hound skeletons
  Robin (D:3)
  A howler monkey skeleton (D:2)
  3 naga simulacra (IceCv)
  13 adders
  4 ogre simulacra (IceCv)
  4 shadow imps
  12 white imps (IceCv)
  An ooze (D:1)
  2 adder skeletons
  An adder zombie (D:6)
  A worm (D:2)
  A dart slug (D:1)
  9 leopard geckos
  64 orcs
  4 giant cockroaches
  25 goblins
  8 hobgoblins
  17 jackals
  3 quokkas
  2 ball pythons (D:3)
  16 bats
  4 frilled lizards
  2 goblin skeletons (D:5)
  A goblin zombie (D:5)
  A hobgoblin zombie (D:5)
  21 kobolds
  A kobold skeleton (D:5)
  2 kobold zombies (D:5)
  3 orc zombies (D:5)
  A quokka zombie (D:5)
  4 rats
  A fungus (Lair:5)
833 creatures vanquished.

Vanquished Creatures (others)
  16 fungi
  16 plants
32 creatures vanquished.

Grand Total: 865 creatures vanquished

Notes
Turn   | Place    | Note
-------+----------+-------------------------------------------
     0 | D:1      | ReteAZ the Ghoul Fighter began the quest for the Orb.
     0 | D:1      | Reached XP level 1. HP: 19/19 MP: 0/0
   139 | D:1      | Reached XP level 2. HP: 24/25 MP: 1/1
   499 | D:1      | Reached XP level 3. HP: 29/31 MP: 2/2
   509 | D:1      | Reached skill level 3 in Unarmed Combat
   889 | D:2      | Reached XP level 4. HP: 36/39 MP: 3/3
  1483 | D:2      | Reached skill level 4 in Unarmed Combat
  1483 | D:2      | Reached XP level 5. HP: 44/46 MP: 4/4
  1541 | D:2      | Noticed Sigmund
  1553 | D:2      | Killed Sigmund
  1553 | D:2      | Reached XP level 6. HP: 50/53 MP: 5/5
  2031 | D:3      | Noticed Ijyb
  2042 | D:3      | Killed Ijyb
  2042 | D:3      | Reached skill level 5 in Unarmed Combat
  2228 | D:3      | Found a faded altar of an unknown god.
  2228 | D:3      | Found an opulent altar of Gozag.
  2233 | D:3      | Found an iron altar of Okawaru.
  2235 | D:3      | Found a basalt altar of Yredelemnul.
  2237 | D:3      | Found a hide-covered altar of Uskayaw.
  2455 | D:3      | Found a sparkling altar of Nemelex Xobeh.
  2632 | D:4      | Found a staircase to the Ecumenical Temple.
  2695 | Temple   | Entered the Ecumenical Temple
  2793 | Temple   | Became a worshipper of Makhleb the Destroyer
  2999 | D:3      | Reached XP level 7. HP: 60/60 MP: 6/6
  3053 | D:3      | Identified the cursed +0 helmet of Ziduitar {rF+ rC+}
  3053 | D:3      | Noticed Robin
  3092 | D:3      | Killed Robin
  3983 | D:4      | Reached skill level 5 in Fighting
  4319 | D:5      | Entered Level 5 of the Dungeon
  4438 | D:5      | Noticed Blork the orc
  4470 | D:5      | Killed Blork the orc
  4470 | D:5      | Reached skill level 6 in Unarmed Combat
  4497 | D:5      | Reached * piety under Makhleb
  4563 | D:5      | Reached XP level 8. HP: 47/68 MP: 7/7
  4655 | D:5      | Noticed Menkaure
  4667 | D:5      | Killed Menkaure
  4680 | D:5      | Reached skill level 7 in Unarmed Combat
  4691 | D:5      | Found a glowing golden altar of the Shining One.
  4754 | D:5      | Got a slimy ring mail
  4765 | D:5      | Identified the +4 ring mail "Xeaf" {MR++ Str-3 Int+7} (You
                  | found it on level 5 of the Dungeon)
  4931 | D:5      | Found an iron altar of Okawaru.
  5012 | D:5      | Reached ** piety under Makhleb
  5087 | D:5      | Noticed Edmund
  5105 | D:5      | Killed Edmund
  5105 | D:5      | Reached skill level 5 in Armour
  5105 | D:5      | Reached skill level 5 in Shields
  5304 | D:6      | Reached skill level 8 in Unarmed Combat
  5304 | D:6      | Reached XP level 9. HP: 77/77 MP: 8/8
  5458 | D:6      | Noticed Pikel
  5541 | D:6      | Killed Pikel
  6277 | D:7      | Reached skill level 9 in Unarmed Combat
  6472 | D:7      | Reached *** piety under Makhleb
  6565 | D:7      | You fall into a shaft and drop 3 floors!
  6565 | D:10     | Entered Level 10 of the Dungeon
  6670 | D:10     | Killed an unseen horror
  6670 | D:10     | Reached skill level 10 in Unarmed Combat
  6670 | D:10     | Reached XP level 10. HP: 38/88 MP: 9/9
  7464 | D:9      | Noticed Erolcha
  7470 | D:9      | Killed Erolcha
  7599 | D:9      | Noticed Psyche
  7608 | D:9      | Killed Psyche
  7831 | D:9      | Reached skill level 11 in Unarmed Combat
  7860 | D:9      | Reached **** piety under Makhleb
  8859 | D:8      | Found an ornate altar of the Wu Jian Council.
  9014 | D:10     | Reached XP level 11. HP: 93/93 MP: 10/10
  9209 | D:10     | Found a staircase to the Lair.
  9500 | D:11     | Reached ***** piety under Makhleb
  9535 | D:11     | Found an iron altar of Okawaru.
  9694 | D:11     | Reached skill level 12 in Unarmed Combat
  9700 | D:11     | Found a staircase to the Orcish Mines.
  9721 | Lair:1   | Entered Level 1 of the Lair of Beasts
  9933 | Lair:1   | Reached skill level 1 in Evocations
 10995 | Lair:3   | Found a staircase to the Shoals.
 10995 | Lair:3   | Noticed a manticore
 11002 | Lair:3   | Killed a manticore
 11050 | Lair:3   | Reached XP level 12. HP: 88/106 MP: 12/12
 11101 | Lair:3   | Found a staircase to the Snake Pit.
 11158 | Lair:3   | Reached skill level 1 in Dodging
 11325 | Lair:3   | Reached skill level 13 in Unarmed Combat
 11547 | Lair:3   | Reached skill level 10 in Fighting
 12385 | Lair:4   | Noticed Nessos
 12609 | Lair:4   | Killed Nessos
 12636 | Lair:4   | Noticed Urug
 12652 | Lair:4   | Killed Urug
 12652 | Lair:4   | Reached skill level 14 in Unarmed Combat
 12788 | Lair:4   | Found an ornate altar of the Wu Jian Council.
 13484 | Lair:5   | Reached XP level 13. HP: 93/113 MP: 15/15
 13491 | Lair:5   | Reached skill level 5 in Evocations
 13930 | Lair:5   | Found a viscous altar of Jiyva.
 13930 | Lair:5   | Found a staircase to the Slime Pits.
 13967 | Lair:6   | Entered Level 6 of the Lair of Beasts
 14395 | Lair:6   | Reached skill level 5 in Dodging
 14400 | Lair:6   | Reached skill level 15 in Unarmed Combat
 14406 | Lair:6   | Reached ****** piety under Makhleb
 14833 | Lair:6   | Reached skill level 16 in Unarmed Combat
 14939 | Lair:6   | Identified the +1 leather armour "Boocomm" {rF++ Regen+}
                  | (You found it on level 6 of the Lair of Beasts)
 15110 | Lair:6   | Reached XP level 14. HP: 127/127 MP: 16/16
 16673 | D:12     | HP: 4/127 [something (12)]
 16683 | D:12     | Found Eduhy's Weapon Boutique.
 16708 | D:12     | Reached skill level 17 in Unarmed Combat
 17301 | D:13     | Found Mulogad's Food Shoppe.
 17922 | D:13     | Found a runed translucent gate.
 17922 | D:13     | Found a runed translucent gate.
 17922 | D:13     | Noticed Ylegg's ghost (journeyman HuWn)
 17922 | D:13     | Identified the cursed +0 dagger of Integrity {pain, rC+}
 17923 | D:13     | Found a runed translucent gate.
 17923 | D:13     | Identified the +8 short sword of Tenwidist {drain, rPois}
 18517 | D:14     | Reached skill level 18 in Unarmed Combat
 18530 | D:14     | Found a gate to the Vaults.
 18645 | D:14     | Found Zuddud's Antique Weapon Shoppe.
 18786 | D:14     | Reached XP level 15. HP: 29/137 MP: 1/17
 19116 | D:15     | Entered Level 15 of the Dungeon
 19374 | D:15     | Found a frozen archway.
 19430 | IceCv    | Entered an ice cave
 19618 | IceCv    | Found an ancient bone altar of Kikubaaqudgha.
 20028 | IceCv    | Reached skill level 19 in Unarmed Combat
 20223 | D:15     | Found a staircase to the Depths.
 20224 | D:15     | Noticed a fire giant
 20645 | D:15     | Reached skill level 15 in Fighting
 21065 | Orc:1    | Entered Level 1 of the Orcish Mines
 21065 | Orc:1    | Found Caeq's Antique Weapon Boutique.
 21196 | Orc:1    | Found Ecucwy's Book Boutique.
 21221 | Orc:2    | Entered Level 2 of the Orcish Mines
 21240 | Orc:1    | Noticed an orc warlord
 21281 | Orc:1    | Killed an orc warlord
 21342 | Orc:1    | Found a flagged portal.
 21351 | Bailey   | Entered a bailey
 21668 | Bailey   | Got crude gold dragon scales
 21682 | Bailey   | Identified the cursed +0 gold dragon scales of
                  | Resourcefulness {rPois rF+ rC+ rN++ Stlth-} (You found it
                  | in a bailey)
 21922 | Orc:1    | Found Oshyolir's Food Shoppe.
 22267 | Snake:1  | Entered Level 1 of the Snake Pit
 22440 | Snake:1  | Found a flickering gateway to a bazaar.
 22477 | Bazaar   | Entered a bazaar
 22485 | Bazaar   | Found Yfeihu's Book Shop.
 22485 | Bazaar   | Found Peploeg's Jewellery Shop.
 23132 | Snake:1  | Reached XP level 16. HP: 108/149 MP: 9/18
 23218 | Snake:1  | Found a runed translucent door.
 23642 | Snake:2  | Found a runed translucent gate.
 23643 | Snake:2  | Found a runed translucent gate.
 23644 | Snake:2  | Found a runed translucent gate.
 23645 | Snake:2  | Noticed Izya's ghost (adept GnTm)
 23645 | Snake:2  | Noticed Xudaes's ghost (adept DrIE)
 23646 | Snake:2  | Noticed Pagrargh's ghost (journeyman MiBe)
 23968 | Snake:2  | Noticed Vashnia
 24570 | Snake:2  | Noticed a nagaraja
 24581 | Snake:2  | Killed a nagaraja
 24581 | Snake:2  | Reached skill level 10 in Shields
 24614 | Snake:2  | Reached skill level 10 in Armour
 24678 | Snake:2  | Slain by a naga warrior

Levels and vault maps discovered:
D:1:      wander_arrival_abandoned_jail, layout_loops_ring,
          minmay_misc_feat_ornament, minmay_pentomino_v4
D:2:      layout_basic, uniq_sigmund
D:3:      kennysheep_goblin_castle, layout_loops_ring,
          chequers_temple_overflow_minitemple, lemuel_round_altar, uniq_ijyb
D:4:      layout_basic, temple_hall, first_ration, grunt_ministairs_8
D:5:      layout_basic, basic_altar, nicolae_tso_besieged_by_evil,
          uniq_menkaure, uniq_edmund, uniq_blork_the_orc
D:6:      layout_gridville, uniq_pikel
D:7:      layout_cave_pools, grunt_decor_one_mirror
D:8:      layout_loops_corners, overflow_temple_1_default
D:9:      layout_basic, minmay_tree_intersection, uniq_psyche, uniq_erolcha
D:10:     layout_rooms, grunt_lair_entry_orc_guard_hut, grunt_ogre_cave,
          serial_bayou_pond_c
D:11:     nicolae_whirlpool, layout_cross, orc_0_dummy,
          chequers_serial_rivers_micro_c, okawaru_humans
D:12:     layout_cave_pools, serial_shops, shop
D:13:     layout_basic, gammafunk_ghost_nasty_kobolds, serial_shops, shop
D:14:     layout_roguey, erik_vaults_2, minmay_crystal_water, serial_shops,
          nicolae_shop_stone, corexii_hall_statues_l, wad_dig_loot
D:15:     grunt_enter_depths_giant_problem, layout_basic,
          portal_ice_cave_entry_ice_beasts, minmay_misc_feat_tiny, minivault_16
Temple:   nicolae_temple_elliptical
Lair:1:   layout_regular_city
Lair:2:   layout_cave_shapes
Lair:3:   regret_index_wax_grids, layout_regular_city,
          minmay_shoals_entry_beasts, minmay_snake_entry_guardpost_medium,
          grunt_forest_small_clearings, minivault_27, roderic_batcave,
          bh_autumn_forest_stairs
Lair:4:   layout_gridlike, basic_altar, uniq_nessos, uniq_urug
Lair:5:   layout_long_grid, dpeg_slime_entry_enclosed_altar, beast_lair_carwin_6
Lair:6:   minmay_lair_end_enchanted_forest, layout_loops_ring,
          chequers_serial_rivers_small_3, kilobyte_rumbling_trees,
          lemuel_fruit_fields
Snake:1:  cheibrodos_toxic_ritual, layout_basic, serial_shops,
          bzr_entry_customers, serial_bayou_shore_a
Snake:2:  layout_concentric_octagons, gammafunk_ghost_cemetery, uniq_vashnia
Orc:1:    layout_caves, enter_bailey_3, serial_shops,
          nicolae_shop_overgrown_old_shop, shop, nicolae_shop_trees
Orc:2:    grunt_orc_cross, layout_diamond_mine

Skill      XL: |  1  2  3  4  5  6  7  8  9 10 11 12 13 14 15 16 |
---------------+-------------------------------------------------+-----
Unarmed Combat | 3 4 5 6 8 10 11 12 14 16 18 19 | 19.0
Shields        | 3 4 5 6 7 8 9 10 | 10.1
Armour         | 3 4 5 6 7 8 9 10 | 10.0
Fighting       | 4 5 6 7 8 9 10 12 13 15 | 15.0
Evocations     | 2 4 5 |  5.0
Dodging        | 4 5 6 7 |  7.8

Action                   |  1- 3 |  4- 6 |  7- 9 | 10-12 | 13-15 | 16-18 || total
-------------------------+-------+-------+-------+-------+-------+-------++-------
Melee: Unarmed           |    70 |   194 |   558 |   830 |  1768 |   221 ||  3641
Throw: Dart              |       |       |     8 |    16 |       |       ||    24
       Javelin           |       |       |       |       |     6 |       ||     6
Evoke: Wand              |       |       |     1 |    16 |    13 |    14 ||    44
  Use: Potion            |       |     1 |     5 |       |     5 |       ||    11
       Scroll            |       |       |       |    21 |    16 |     3 ||    40
  Eat: Chunk             |     2 |    10 |    46 |    82 |   140 |    49 ||   329
       Ration            |       |       |       |       |     1 |       ||     1
Armor: Scale mail        |     3 |       |       |       |       |       ||     3
       Chain mail        |    45 |    92 |   123 |       |       |       ||   260
       Ring mail         |       |       |   156 |   281 |   502 |    37 ||   976
Dodge: Dodged            |    14 |    36 |   145 |   271 |   682 |    88 ||  1236
Block: Kite shield       |    34 |    72 |   235 |   408 |   815 |   100 ||  1664

Table legend:
 A = Non-vault XP
 B = Vault XP
 C = Vault XP percentage of total XP
 D = Non-vault monster count
 E = Vault monster count
 F = Vault count percentage of total count
                 A         B        C        D         E       F
            +---------+---------+-------+---------+---------+-------
      Total |  106059 |   44763 |  29.7 |     559 |     269 |  32.5
            +---------+---------+-------+---------+---------+-------
        D:1 |      34 |       8 |  19.0 |      16 |       4 |  20.0
        D:2 |     186 |     223 |  54.5 |      31 |       1 |   3.1
        D:3 |      45 |      92 |  67.2 |       8 |      22 |  73.3
        D:4 |     271 |       0 |   0.0 |      14 |       0 |   0.0
        D:5 |     723 |     452 |  38.5 |      21 |      14 |  40.0
        D:6 |     703 |     617 |  46.7 |      17 |       1 |   5.6
        D:7 |    1170 |       0 |   0.0 |      34 |       0 |   0.0
        D:8 |     973 |       0 |   0.0 |      17 |       0 |   0.0
        D:9 |     968 |    1451 |  60.0 |      27 |       2 |   6.9
       D:10 |    2205 |     771 |  25.9 |      21 |       6 |  22.2
       D:11 |    5852 |     389 |   6.2 |      34 |       2 |   5.6
       D:12 |    4737 |       0 |   0.0 |      29 |       0 |   0.0
       D:13 |    9436 |       0 |   0.0 |      31 |       0 |   0.0
       D:14 |    9455 |    8293 |  46.7 |      33 |       9 |  21.4
       D:15 |    9424 |    1025 |   9.8 |      41 |       8 |  16.3
     Lair:1 |    2350 |       0 |   0.0 |      12 |       0 |   0.0
     Lair:2 |    2208 |       0 |   0.0 |       9 |       0 |   0.0
     Lair:3 |    1525 |    8744 |  85.1 |      11 |      59 |  84.3
     Lair:4 |    1333 |    2237 |  62.7 |       8 |       2 |  20.0
     Lair:5 |    1545 |    1641 |  51.5 |       4 |       6 |  60.0
     Lair:6 |   11281 |    9619 |  46.0 |      38 |      52 |  57.8
    Snake:1 |   17643 |     573 |   3.1 |      36 |       3 |   7.7
    Snake:2 |   18144 |    1626 |   8.2 |      33 |       2 |   5.7
      Orc:1 |    3764 |       8 |   0.2 |      31 |       4 |  11.4
      Orc:2 |      84 |       0 |   0.0 |       3 |       0 |   0.0
     Bailey |       0 |     709 | 100.0 |       0 |      18 | 100.0
      IceCv |       0 |    6285 | 100.0 |       0 |      54 | 100.0
            +---------+---------+-------+---------+---------+-------
